 Dungeon Sprint DCSS version 0.17.0-24-gcfadda4 (webtiles) character file.

4302 George the Grappler (level 10, -12/114 (115) HPs)
             Began as a Troll Berserker on Nov 17, 2015.
             Was a High Priest of Trog.
             Mangled by a merfolk javelineer
             ... wielding a +1 spear of piercing
              (14 damage)
             ... in the Dungeon (Sprint VII: "The Pits").
             The game lasted 00:07:07 (1164 turns).

George the Grappler (Troll Berserker)               Turns: 1164, Time: 00:07:07

HP:   -12/114 (115) AC:  9    Str: 33    XL:     10   Next: 11%
MP:   9/9           EV: 14    Int:  3    God:    Trog [*****.]
Gold: 0             SH:  0    Dex:  9    Spells: 0 memorised, 9 levels left

rFire  . . .     SeeInvis .       - Unarmed
rCold  . . .     Clarity  .     a - +0 animal skin
rNeg   . . .     SustAt   .     (no shield)
rPois  .         Gourm    +     (helmet restricted)
rElec  .         Spirit   .     w - +0 cloak
rCorr  .         Warding  .     (gloves unavailable)
rMut   .         NoTele   +     (boots unavailable)
MR     .....                    (no amulet)
Stlth  +.........               s - +3 ring of strength
                                r - +3 ring of protection

@: exhausted, slowed, very slow, not resistant to hostile enchantments, very
unstealthy
A: unfitting armour, claws 3, fast metabolism 3, gourmand, regeneration 2,
shaggy fur 1, tough skin 2
a: Berserk, Trog's Hand, Brothers in Arms, Burn Spellbooks, Renounce Religion


You were in the Dungeon.
You worshipped Trog.
Trog was extremely pleased with you.
You were very full.

You visited 1 branch

Inventory:

Hand Weapons
 u - a +4 quarterstaff of speed
 v - a +2 dire flail of protection
Armour
 a - a +0 animal skin (worn)
 w - a +0 cloak (worn)
Jewellery
 r - a +3 ring of protection (left claw)
 s - a +3 ring of strength (right claw)
Scrolls
 h - a scroll of blinking
 n - 3 scrolls of remove curse
 o - a scroll of summoning
Potions
 c - 8 potions of curing
 d - 16 potions of heal wounds
 e - a potion of haste
 f - 4 potions of magic
 g - 3 potions of berserk rage
 m - 2 potions of invisibility
 q - a potion of resistance
 t - a potion of cure mutation
Comestibles
 b - 9 bread rations
 k - 40 fruits
 l - 7 meat rations


   Skills:
 + Level 11.8 Fighting
 + Level 11.8 Dodging
 + Level 13.8 Unarmed Combat


You had 9 spell levels left.
You didn't know any spells.

Dungeon Overview and Level Annotations

Branches:
Dungeon (1/1)

Altars:
Ashenzari
Cheibriados
Dithmenos
Elyvilon
Fedhas
Gozag
Kikubaaqudgha
Makhleb
Nemelex Xobeh
Okawaru
Qazlal
Ru
Sif Muna
Trog
Vehumet
Xom
Yredelemnul
Zin
The Shining One
Beogh
Jiyva
Lugonu


Innate Abilities, Weirdness & Mutations

You are too large for most types of armour.
You have claws for hands.
Your metabolism is lightning-fast.
You like to eat raw meat.
You heal very quickly.
You are covered in fur (AC +1).
You have very tough skin (AC +2).


Message History

The merfolk javelineer hits you but does no damage.
You turn to flesh and can move again.
You mangle the catoblepas!!
You kill the catoblepas!
Trog accepts your kill. Something appears at your feet! Trog grants you a gift!
You have reached level 10!
You are no longer berserk.
You are exhausted.
You feel yourself slow down.
Your ogre goes berserk!
You feel somewhat less full.
The merfolk javelineer hits you from afar with a spear of piercing!
* * * LOW HITPOINT WARNING * * *
x2 The swamp drake barely misses you.
The merfolk hits you from afar with a trident!
* * * LOW HITPOINT WARNING * * *
The merfolk javelineer hits you from afar with a spear of piercing!
You die...

'###### '# !# .# .####
#+## .#..#####.##.
##+## .#....##...#..
#...#
.'.....#...#..m#...#
.'.....'...+.mmk@..+
.'.....#...#...#...#
.#....##...#.. #..O#
.#..#####)##. ##†##
.####...#'######.÷.##
.##...).)........#..##
.#..............###..#
################# ####


You could see a merfolk javelineer, 2 merfolk, a swamp drake and a friendly ogre
(berserk).

Vanquished Creatures
  A catoblepas (D)
  A phantasmal warrior (D)
  A black mamba (D)
  A molten gargoyle (D)
  A guardian mummy (D)
  2 blink frogs (D)
  Grinder (D)
  A wraith (D)
  A deep elf fighter (D)
  A vampire (D)
  A mottled dragon (D)
  2 vampire mosquitoes (D)
  2 wolves (D)
  A necrophage (D)
  A gnoll sergeant (D)
  A hound (D)
  An iron imp (D)
  Terence (D)
  A worker ant (D)
  4 gnolls (D)
  3 adders (D)
  A giant eyeball (D)
  An adder zombie (D)
  A bat zombie (D)
  3 hobgoblins (D)
  2 bats (D)
  A rat (D)
38 creatures vanquished.

Vanquished Creatures (collateral kills)
  A gargoyle (D)
  2 blink frogs (D)
3 creatures vanquished.

Vanquished Creatures (others)
  A giant newt (D)
1 creature vanquished.

Grand Total: 42 creatures vanquished

Notes
Turn   | Place    | Note
--------------------------------------------------------------
     0 | D        | George the Troll Berserker began the quest for the Orb.
     0 | D        | Reached XP level 1. HP: 22/22 MP: 0/0
    78 | D        | Found a sacrificial altar of Ru.
    78 | D        | Found a shadowy altar of Dithmenos.
    78 | D        | Found a bloodstained altar of Trog.
    78 | D        | Found a deep blue altar of Sif Muna.
    78 | D        | Found a shimmering altar of Xom.
    78 | D        | Found a sparkling altar of Nemelex Xobeh.
    78 | D        | Found a corrupted altar of Lugonu.
    78 | D        | Found a viscous altar of Jiyva.
    79 | D        | Found a basalt altar of Yredelemnul.
    79 | D        | Found a glowing golden altar of the Shining One.
    79 | D        | Found a shattered altar of Ashenzari.
    79 | D        | Found a white marble altar of Elyvilon.
    79 | D        | Found a snail-covered altar of Cheibriados.
    79 | D        | Found a blossoming altar of Fedhas.
    79 | D        | Found a radiant altar of Vehumet.
    79 | D        | Found a burning altar of Makhleb.
    79 | D        | Found an ancient bone altar of Kikubaaqudgha.
    79 | D        | Found a glowing silver altar of Zin.
    79 | D        | Found a roughly hewn altar of Beogh.
    79 | D        | Found an iron altar of Okawaru.
    85 | D        | Found a stormy altar of Qazlal.
    85 | D        | Found an opulent altar of Gozag.
   105 | D        | Reached ** piety under Trog
   105 | D        | Reached XP level 2. HP: 26/31 MP: 1/1
   107 | D        | Reached skill level 4 in Unarmed Combat
   130 | D        | Noticed a worker ant
   135 | D        | Killed a worker ant
   135 | D        | Reached XP level 3. HP: 32/39 MP: 2/2
   149 | D        | Noticed a necrophage
   150 | D        | Reached *** piety under Trog
   156 | D        | Reached skill level 5 in Unarmed Combat
   169 | D        | Killed a necrophage
   169 | D        | Reached skill level 5 in Fighting
   169 | D        | Reached skill level 5 in Dodging
   169 | D        | Reached skill level 6 in Unarmed Combat
   169 | D        | Reached XP level 4. HP: 39/49 MP: 3/3
   294 | D        | Noticed Grinder
   295 | D        | Noticed an iron imp
   296 | D        | Noticed a hound
   305 | D        | Killed Grinder
   305 | D        | Reached **** piety under Trog
   305 | D        | Reached skill level 8 in Unarmed Combat
   305 | D        | Reached XP level 5. HP: 43/60 MP: 4/4
   305 | D        | Reached XP level 6. HP: 47/67 MP: 5/5
   308 | D        | Killed an iron imp
   313 | D        | Killed a hound
   377 | D        | Noticed a wolf
   380 | D        | Killed a wolf
   380 | D        | Reached skill level 9 in Unarmed Combat
   405 | D        | Noticed a mottled dragon
   409 | D        | Killed a mottled dragon
   409 | D        | Reached ***** piety under Trog
   409 | D        | Reached XP level 7. HP: 58/79 MP: 6/6
   443 | D        | Noticed a gnoll sergeant
   453 | D        | Killed a gnoll sergeant
   457 | D        | Reached skill level 10 in Unarmed Combat
   498 | D        | Noticed a gargoyle
   498 | D        | Noticed a blink frog
   498 | D        | Noticed a blink frog
   498 | D        | Noticed a blink frog
   499 | D        | Noticed a blink frog
   517 | D        | Killed a blink frog
   517 | D        | Received a gift from Trog
   518 | D        | Killed a blink frog
   518 | D        | Reached XP level 8. HP: 34/91 MP: 7/7
   522 | D        | Killed a gargoyle
   522 | D        | Reached skill level 11 in Unarmed Combat
   525 | D        | Killed a blink frog
   542 | D        | Killed a blink frog
   801 | D        | Noticed a vampire
   801 | D        | Noticed a phantasmal warrior
   811 | D        | Killed a phantasmal warrior
   811 | D        | Reached skill level 10 in Fighting
   811 | D        | Reached skill level 10 in Dodging
   811 | D        | Reached skill level 12 in Unarmed Combat
   811 | D        | Reached XP level 9. HP: 97/100 MP: 8/8
   815 | D        | Killed a vampire
   823 | D        | Paralysed by a giant eyeball for 2 turns
   847 | D        | Noticed Terence
   847 | D        | Noticed a guardian mummy
   858 | D        | Killed Terence
   863 | D        | Noticed a wolf
   864 | D        | Noticed a molten gargoyle
   865 | D        | Killed a guardian mummy
   866 | D        | Killed a wolf
   866 | D        | Received a gift from Trog
   867 | D        | Noticed a deep elf fighter
   869 | D        | Killed a deep elf fighter
   873 | D        | Killed a molten gargoyle
   947 | D        | Noticed a wraith
   947 | D        | Noticed a black mamba
   959 | D        | Killed a black mamba
   959 | D        | Reached skill level 13 in Unarmed Combat
   961 | D        | Killed a wraith
  1138 | D        | Noticed a vampire mosquito
  1138 | D        | Noticed a vampire mosquito
  1143 | D        | Killed a vampire mosquito
  1144 | D        | Killed a vampire mosquito
  1150 | D        | Noticed a merfolk
  1150 | D        | Noticed a merfolk
  1150 | D        | Noticed a swamp drake
  1151 | D        | Noticed a merfolk javelineer
  1151 | D        | Noticed a catoblepas
  1163 | D        | Killed a catoblepas
  1163 | D        | Received a gift from Trog
  1163 | D        | Reached XP level 10. HP: 39/114 MP: 9/9
  1164 | D        | HP: 2/114 [merfolk/trident (14)]
  1164 | D        | Mangled by a merfolk javelineer

Action                   |  1- 3 |  4- 6 |  7- 9 | 10-12 || total
-------------------------+-------+-------+-------+-------++-------
Melee: Unarmed           |    34 |    25 |    78 |       ||   137
Invok: Berserk           |       |     1 |     5 |       ||     6
       Brothers in Arms  |       |       |     1 |     1 ||     2
  Eat: Chunk             |       |     5 |    16 |       ||    21
